 Dungeon Crawl Stone Soup version 0.28-a0-1033-g1a2f33fa85 (webtiles) character file.

Game seed: 12940262082200600173

7965 gimp the Thaumaturge (level 10, -23/80 HPs)
             Began as a Demigod Earth Elementalist on Dec 7, 2021.
             Shot with a bolt by an orc warlord (40 damage)
             ... in a bailey.
             The game lasted 00:16:06 (8852 turns).

gimp the Thaumaturge (Demigod Earth Elementalist)   Turns: 8852, Time: 00:16:07

Health: -23/80     AC:  7    Str:  9    XL:     10   Next: 74%
Magic:  24/28      EV: 11    Int: 29    God:
Gold:   391        SH:  0    Dex: 14    Spells: 17/29 levels left

rFire   + . .      SeeInvis .   a - +0 dagger
rCold   . . .      Faith    .   (no shield)
rNeg    . . .      Spirit   .   A - +3 leather armour
rPois   .          Reflect  .   q - +0 helmet
rElec   .          Harm     .   (no cloak)
rCorr   +          Rampage  .   (no gloves)
Will    +....                   (no boots)
Stlth   ++........              x - amulet of regeneration
HPRegen 1.03/turn               s - ring "Yxtif" {rF+ rCorr}
MPRegen 0.21/turn               (no ring)

@: no status effects
A: high mp 1, forlorn, divine attributes
a: no special abilities


You were in a bailey.
You visited 1 branch of the dungeon, and saw 7 of its levels.
You also visited: Bailey.

You collected 391 gold pieces.

Inventory:

Hand Weapons
 a - a +0 dagger (weapon)
Missiles
 b - 3 throwing nets
 c - 107 stones
 m - 26 poisoned darts
Armour
 q - a +0 helmet (worn)
 y - a +0 robe of positive energy
 z - a scarf of invisibility
 A - a +3 leather armour (worn)
Jewellery
 s - the ring "Yxtif" (left hand) {rF+ rCorr}
   (You found it on level 4 of the Dungeon)

   [ring of resist corrosion]

   rF:        It protects you from fire.
   rCorr:     It protects you from acid and corrosion.
 x - an amulet of regeneration (around neck)
Wands
 o - a wand of polymorph (7)
Scrolls
 d - a scroll of immolation
 e - a scroll of blinking {unknown}
 f - 2 scrolls of teleportation
 h - a scroll of enchant armour {unknown}
 i - 2 scrolls of enchant weapon {unknown}
 l - a scroll of magic mapping
 r - a scroll of torment {unknown}
 w - a scroll of acquirement {unknown}
Potions
 g - 3 potions of degeneration {unknown}
 j - 4 potions of curing
 k - a potion of resistance
 n - 3 potions of heal wounds
 p - 2 potions of attraction {unknown}
 t - 2 potions of flight {unknown}
 u - a potion of magic {unknown}
 v - 2 potions of mutation {unknown}


   Skills:
 - Level 4.9 Fighting
 + Level 2.0 Dodging
 - Level 1.7 Stealth
 - Level 10.4 Spellcasting
 - Level 6.0 Conjurations
 - Level 4.0 Transmutations
 + Level 7.6 Earth Magic


You had 17 spell levels left.
You knew the following spells:

 Your Spells              Type           Power      Damage    Failure   Level
a - Stone Arrow           Conj/Erth      100%       3d13      1%          3
b - Sandblast             Erth           100%       2d20      1%          1
c - Petrify               Tmut/Erth      49%        N/A       4%          4
d - Leda's Liquefaction   Hex/Erth       18%        N/A       11%         4

Your spell library contained the following spells:

 Spells                   Type           Power      Damage    Failure   Level
 Beastly Appendage        Tmut           76%        N/A       1%          1
 Passwall                 Tmut/Erth      40%        N/A       1%          2
 Wereblood                Tmut           38%        N/A       1%          2
 Spider Form              Tmut/Pois      26%        N/A       7%          3
 Iskenderun's Battlesphe  Conj           49%        2d10      12%         5
 Call Canine Familiar     Summ           15%        N/A       16%         3
 Portal Projectile        Hex/Tloc       30%        N/A       16%         3
 Iron Shot                Conj/Erth      26%        9d6       43%         6
 Spellforged Servitor     Conj/Summ      16%        N/A       100%        7


Dungeon Overview and Level Annotations

Branches:
Dungeon (7/15)             Temple (0/1) D:6          Bailey (1/1)

Shops:
D:4 **


Innate Abilities, Weirdness & Mutations

You have an increased reservoir of magic. (+10% MP)
You shall have no god before yourself.
Your divine heritage dramatically boosts your attributes as you level up.


Message History

The orc warlord is moving more slowly.
The orc warlord unwields a +0 great sword.
The orc warlord wields a +0 arbalest.
The orc warlord shoots a bolt.
The bolt closely misses you.
You now have 21/28 mp.
The orc warlord shoots a bolt.
The bolt hits you!!
You take 27 damage, and have 53/80 hp.
MASSIVE DAMAGE!!
The orc warlord shoots a bolt.
The bolt hits you!
You take 11 damage, and have 42/80 hp.
Okay, then.
Items here: )))) [[[[.
Okay, then.
A gnoll comes into view. It is wielding a +0 hand axe.
There is a broken gate, spattered with blood here.
The helpless orc warlord fails to defend itself.
You hit the orc warlord but do no damage.
The helpless orc warlord fails to defend itself.
You hit the orc warlord but do no damage.
The helpless orc warlord fails to defend itself.
You hit the orc warlord but do no damage.
The helpless orc warlord fails to defend itself.
You hit the orc warlord.
As you read the scroll of teleportation, it crumbles to dust.
You feel strangely unstable.
A gnoll comes into view. It is wielding a +0 hand axe.
The helpless orc warlord fails to defend itself.
You hit the orc warlord.
The orc warlord is lightly wounded.
The orc warlord is no longer petrified.
The orc warlord unwields a +0 arbalest.
The orc warlord wields a +0 great sword.
The orc warlord hits you with a +0 great sword!!!
* * * LOW HITPOINT WARNING * * *
You take 35 damage, and have 16/80 hp.
MASSIVE DAMAGE!!
Your surroundings suddenly seem different.
The orc warlord unwields a +0 great sword.
The orc warlord wields a +0 arbalest.
The orc warlord shoots a bolt.
The bolt hits you!!!
Ouch! That really hurt!
You die...

#...........#
+...........#
#.....⌠.....#
#...........#
#...........#
##.........### ♣♣♣♣♣
###.....#)#.### ♣♣♣...♣
###.###.))..###♣♣.....♣♣
###..@)g.)..##.......♣
#....))....[#)......♣
#.........)o'........
#.....)....))).∩.∩...
#..........))).....)♣
#...g.......#)......♣ ##
###.....))..##)......♣
.###
###.###)..).###♣......♣♣
o..### ###.....#)#.###
♣♣♣...♣♣


You could see an orc warlord and 2 gnolls.

Vanquished Creatures
  Harold (D:7)
  Grinder (D:6)
  Sigmund (D:4)
  Duvessa (D:6)
  11 orc warriors (Bailey)
  An ice beast (D:6)
  A black bear (D:4)
  A necrophage (D:4)
  An ogre (D:6)
  A centaur (D:7)
  3 scorpions
  2 bullfrogs
  A wyvern zombie (D:5)
  A water moccasin zombie (D:6)
  A wyvern skeleton (D:5)
  Dowan (D:6)
  A water moccasin skeleton (D:4)
  6 wights
  A howler monkey (D:5)
  4 hounds
  A jelly (D:5)
  2 gnoll shamans
  A bullfrog skeleton (D:6)
  A centaur skeleton (D:6)
  2 orc wizards
  12 adders
  20 gnolls
  An adder zombie (D:5)
  A worm (D:2)
  A dart slug (D:3)
  19 orcs
  5 ball pythons
  9 bats
  6 endoplasms
  3 giant cockroaches (D:2)
  29 goblins
  20 hobgoblins
  4 jackals
  7 kobolds
  A quokka (D:4)
  5 frilled lizards
  3 rats
194 creatures vanquished.

Vanquished Creatures (others)
  An orc (D:6)
1 creature vanquished.

Grand Total: 195 creatures vanquished

Notes
Turn   | Place    | Note
-------+----------+-------------------------------------------
     0 | D:1      | gimp the Demigod Earth Elementalist began the quest for the
                  | Orb.
     0 | D:1      | Reached XP level 1. HP: 14/14 MP: 5/5
    71 | D:1      | Reached skill level 1 in Transmutations
   137 | D:1      | Reached skill level 2 in Spellcasting
   378 | D:1      | Reached XP level 2. HP: 20/20 MP: 4/7
  1265 | D:2      | Reached XP level 3. HP: 26/26 MP: 7/9
  1269 | D:2      | Learned a level 3 spell: Stone Arrow
  1565 | D:2      | Reached skill level 3 in Spellcasting
  1565 | D:2      | Reached XP level 4. HP: 33/33 MP: 7/11
  1732 | D:2      | Reached skill level 1 in Conjurations
  2806 | D:3      | Reached XP level 5. HP: 38/38 MP: 10/13
  3322 | D:3      | You fall into a shaft and drop 3 floors!
  3326 | D:6      | Noticed Grinder
  3328 | D:6      | Noticed an ice beast
  3338 | D:6      | Paralysed by something for 6 turns
  3372 | D:6      | Paralysed by Grinder for 5 turns
  3381 | D:6      | Paralysed by Grinder for 4 turns
  3386 | D:6      | Killed Grinder
  3387 | D:6      | Reached skill level 4 in Spellcasting
  3387 | D:6      | Reached XP level 6. HP: 17/45 MP: 3/15
  3901 | D:6      | Reached skill level 5 in Spellcasting
  3901 | D:6      | Reached XP level 7. HP: 50/50 MP: 10/17
  3924 | D:5      | Entered Level 5 of the Dungeon
  4614 | D:4      | Found Dumynes's Specific Store.
  4615 | D:4      | Found Riehaedgh's General Store.
  4617 | D:4      | Reached skill level 5 in Earth Magic
  4760 | D:4      | Reached skill level 6 in Spellcasting
  4776 | D:4      | Reached XP level 8. HP: 57/57 MP: 6/20
  5059 | D:4      | Noticed Sigmund
  5064 | D:4      | Killed Sigmund
  5211 | D:4      | Identified the ring "Yxtif" {rF+ rCorr}
  6364 | D:6      | Reached skill level 7 in Spellcasting
  6714 | D:6      | Found a staircase to the Ecumenical Temple.
  6805 | D:6      | Noticed Duvessa
  6806 | D:6      | Noticed Dowan
  6838 | D:6      | Killed Duvessa
  6848 | D:6      | Killed Dowan
  6998 | D:6      | Reached skill level 5 in Conjurations
  7502 | D:7      | Noticed Harold
  7507 | D:7      | Killed Harold
  7508 | D:7      | Reached skill level 8 in Spellcasting
  7508 | D:7      | Reached XP level 9. HP: 62/62 MP: 9/25
  7514 | D:7      | Learned a level 4 spell: Petrify
  7561 | D:7      | Found a flagged portal.
  7658 | Bailey   | Entered a bailey
  8143 | Bailey   | Learned a level 4 spell: Leda's Liquefaction
  8320 | Bailey   | Noticed an orc warlord
  8598 | Bailey   | Reached skill level 10 in Spellcasting
  8598 | Bailey   | Reached XP level 10. HP: 80/80 MP: 1/28
  8852 | Bailey   | Shot with a bolt by an orc warlord

Illustrated notes

Levels and vault maps discovered:
D:1:      nagdon_arrival_double_spiral, layout_loops_corners,
          shapermc_ecumenical_altar_totnotflames, corexii_corridor_pit
D:2:      layout_loops_ring, basic_altar, minmay_misc_feat_square,
          grunt_decor_clamped, chequers_serial_rivers_room_b,
          minmay_tetromino_t4
D:3:      layout_loops_corners, serial_bayou_crossing
D:4:      layout_rooms, hangedman_decor_opposing, nicolae_specific_store,
          uniq_sigmund
D:5:      layout_rooms
D:6:      layout_cave_pods, lemuel_temple_firewalk_b, st_stairs_10,
          uniq_grinder, uniq_duvessa
D:7:      layout_rooms, enter_bailey_3, st_stairs_4, uniq_harold, uniq_menkaure,
          uniq_maggie
Bailey:   bailey_axe_minmay_hex_keep, bailey

Skill      XL: |  1  2  3  4  5  6  7  8  9 10 |
---------------+-------------------------------+-----
Transmutations | 1 4 |  4.0
Spellcasting   | 2 3 4 5 6 8 10 | 10.4
Earth Magic    | 3 4 5 6 7 |  7.6
Conjurations   | 1 2 3 4 5 6 |  6.0
Fighting       | 4 |  4.9
Dodging        | 2 |  2.0
Stealth        | |  1.7

Action                   |  1- 3 |  4- 6 |  7- 9 | 10-12 || total
-------------------------+-------+-------+-------+-------++-------
Melee: Dagger            |       |     2 |    29 |     6 ||    37
 Cast: Sandblast         |    57 |    62 |    49 |     5 ||   173
       Stone Arrow       |       |    11 |   144 |     6 ||   161
       Petrify           |       |       |       |     1 ||     1
  Use: Scroll            |       |     2 |     5 |     1 ||     8
       Potion            |       |     2 |     1 |       ||     3
 Stab: Petrified         |       |       |       |     5 ||     5
Armor: Robe              |     2 |     3 |    12 |       ||    17
Dodge: Dodged            |     8 |    17 |    41 |     8 ||    74

Table legend: (Time is in decaauts)
 A = Elapsed time spent in this place.
 B = Non-inter-level travel time spent in this place.
 C = Inter-level travel time spent in this place.
 D = Time resting spent in this place.
 E = Time spent auto-exploring this place.
 F = Levels seen in this place.
 G = Mean time per level.
                   A        B        C        D        E       F      G
               +--------+--------+--------+--------+--------+-----+--------+
         Total |   8884 |   8675 |    209 |    884 |   6294 |   8 | 1110.5 |
       Dungeon |   7691 |   7482 |    209 |    311 |   6118 |   7 | 1098.7 |
        Bailey |   1193 |   1193 |      0 |    573 |    176 |   1 | 1193.0 |
               +--------+--------+--------+--------+--------+-----+--------+

Top non-repeatable levels by time:
     D:6: 1883 daAuts
     D:3: 1311 daAuts
     D:1: 1230 daAuts
  Bailey: 1193 daAuts
     D:2: 1109 daAuts
     D:4: 1091 daAuts
     D:5: 907 daAuts
     D:7: 157 daAuts
